 Dungeon Crawl Stone Soup version 0.27-a0-1202-ge72e49191c (webtiles) character file.

Game seed: 9298953207460672126

1321 DemonSlayer the Covered (level 8, -1/61 HPs)
             Began as a Human Berserker on June 4, 2021.
             Was a Priest of Trog.
             Succumbed to a water moccasin's poison
             ... on level 7 of the Dungeon.
             The game lasted 00:36:18 (10254 turns).

DemonSlayer the Covered (Human Berserker)          Turns: 10254, Time: 00:36:19

Health: -1/61      AC: 10    Str: 17 (18) XL:     8   Next: 90%
Magic:  1/8        EV: 10    Int:  5 (8)  God:    Trog [***...]
Gold:   413        SH:  0    Dex: 13 (14) Spells: 7/7 levels left

rFire    . . .     SeeInvis +   r - +6 scythe (protect)
rCold    . . .     Faith    .   (shield currently unavailable)
rNeg     + . .     Spirit   +   e - +0 scale mail
rPois    .         Reflect  .   (no helmet)
rElec    .         Harm     .   t - +2 cloak
rCorr    .         Rampage  .   (no gloves)
Will     .....                  (no boots)
Stlth    ..........             o - amulet of guardian spirit
HPRegen  0.20/turn              l - ring of positive energy
MPRegen  0.11/turn              (no ring)

@: lethally poisoned (-1 -> -15), on berserk cooldown, slowed, very slow
A: see invisible
a: Renounce Religion, Berserk, Trog's Hand


You were on level 7 of the Dungeon.
You worshipped Trog.
Trog was most pleased with you.
You visited 1 branch of the dungeon, and saw 7 of its levels.

You collected 413 gold pieces.

Inventory:

Hand Weapons
 d - the +0 long sword "Huode" {vorpal, Contam +Blink rElec Dex+3}
   (You found it on level 5 of the Dungeon)

   It inflicts extra damage upon your enemies.
   It affects your dexterity (+3).
   It insulates you from electricity.
   It lets you blink.
   It causes magical contamination when unequipped.
 g - a +0 long sword
 j - a +1 flail of venom
 m - the +5 hand axe of Qazlal's Benevolence {speed, rF+}
   (You found it on level 4 of the Dungeon)

   Attacks with this weapon are significantly faster.
   It protects you from fire.
 r - a +6 scythe of protection (weapon)
Missiles
 b - 2 boomerangs of dispersal
Armour
 a - a +1 kite shield of poison resistance
 e - a +0 scale mail (worn)
 h - a +2 cloak
 t - a +2 cloak (worn)
Jewellery
 l - a ring of positive energy (left hand)
 o - an amulet of guardian spirit (around neck)
 q - a ring of magical power
 u - a ring of protection from fire
Wands
 c - a wand of flame (9)
Scrolls
 f - a scroll of teleportation
 p - a scroll of silence
 s - 2 scrolls of identify
 v - a scroll of enchant armour {unknown}
 w - a scroll of fear {unknown}
Potions
 i - 3 potions of curing
 n - a potion of haste


   Skills:
 + Level 4.7 Fighting
 + Level 1.7 Long Blades
 + Level 1.8(4.5) Axes
 + Level 5.0(5.4) Maces & Flails
 + Level 4.0(4.6) Polearms
 + Level 2.4(4.8) Staves
 + Level 5.7 Armour
 + Level 3.0 Dodging
 + Level 1.3 Stealth


You had 7 spell levels left.
You didn't know any spells.
Your spell library was empty.

Dungeon Overview and Level Annotations

Branches:
Dungeon (7/15)             Temple (0/1) D:4

Altars:
Ashenzari
Cheibriados
Dithmenos
Fedhas
Gozag
Nemelex Xobeh
Trog
Vehumet
Wu Jian
Yredelemnul


Innate Abilities, Weirdness & Mutations

You have supernaturally acute eyesight. (SInv)


Message History

The ball of steam hits the orc!
The orc dies!
The ball of steam hits you!! The orc closely misses you.
You hear an angry hiss.
Your Polearms skill increases to level 4!
A water moccasin comes into view.
You are engulfed in a cloud of scalding steam.
You are no longer berserk.
You are exhausted.
You feel yourself slow down.
The water moccasin hisses angrily.
The orc hits you but does no damage.
Items here: ! $ )) [ †.
You closely miss the orc.
You are engulfed in a cloud of scalding steam.
The orc is engulfed in a cloud of scalding steam.
The orc dies!
The orc is engulfed in a cloud of scalding steam.
The orc hits you with a +0 falchion.
* * * LOW HITPOINT WARNING * * *
The steam dragon breathes steam at you. The ball of steam hits you!
* * * LOW HITPOINT WARNING * * *
The orc is engulfed in a cloud of scalding steam.
The orc closely misses you.
You hear a shout!
Blink to where?
Press: ? - help, Dir - move target
As you read the scroll of blinking, it crumbles to dust.
An orc comes into view. It is wielding a +0 long sword.
The orc shouts!
You hear a shout!
The water moccasin bites you.
* * * LOW HITPOINT WARNING * * *
You are lethally poisoned!
The water moccasin poisons you! The water moccasin barely misses you.
Blink to where?
Press: ? - help, Dir - move target
As you read the scroll of blinking, it crumbles to dust.
An orc comes into view. It is wielding a +0 club.
You die...

♣..§.#.....
#. ♣D........
##..
♣♣.§#......
....♣ ♣.†.#
.....
#...♣♣♣♣♣So§#
....
....o..§.#.#
...
.......###.#
..
#'##.#.###.#
. #.@.....#
#######o# #.#


You could see a steam dragon, a water moccasin and 2 orcs.

Vanquished Creatures
  Sigmund (D:4)
  A sky beast (D:7)
  A necrophage (D:5)
  A centaur (D:5)
  A phantom (D:6)
  The ghost of pokeman the Magician, an amateur DEWz (D:3)
  A wyvern zombie (D:6)
  2 howler monkeys
  A bullfrog zombie (D:5)
  2 hounds
  A centaur skeleton (D:6)
  3 orc priests
  2 iguanas (D:5)
  Ijyb (D:4)
  3 orc wizards
  A hound skeleton (D:4)
  4 gnolls (D:5)
  7 adders
  A howler monkey skeleton (D:4)
  A worm (D:2)
  A dart slug (D:1)
  28 orcs
  3 bats (D:2)
  13 endoplasms
  3 giant cockroaches
  4 goblins
  4 hobgoblins
  4 jackals
  4 kobolds
  5 quokkas
  5 ball pythons
  3 frilled lizards
  6 rats
119 creatures vanquished.

Vanquished Creatures (others)
  2 orcs (D:7)
2 creatures vanquished.

Grand Total: 121 creatures vanquished

Notes
Turn   | Place    | Note
-------+----------+-------------------------------------------
     0 | D:1      | DemonSlayer the Human Berserker began the quest for the
                  | Orb.
     0 | D:1      | Reached XP level 1. HP: 18/18 MP: 1/1
   251 | D:1      | Reached XP level 2. HP: 19/24 MP: 2/2
   782 | D:1      | Reached XP level 3. HP: 21/29 MP: 3/3
  1016 | D:1      | Reached ** piety under Trog
  2098 | D:2      | Reached XP level 4. HP: 34/35 MP: 4/4
  2814 | D:2      | Found a faded altar of an unknown god.
  3563 | D:3      | Noticed pokeman's ghost (amateur DEWz)
  3600 | D:3      | Found a blossoming altar of Fedhas.
  3641 | D:3      | Found a radiant altar of Vehumet.
  3703 | D:3      | Reached XP level 5. HP: 41/41 MP: 5/5
  3926 | D:3      | Reached skill level 1 in Staves
  4172 | D:3      | Found a runed translucent door.
  4301 | D:3      | Found a bloodstained altar of Trog.
  4301 | D:3      | Found a basalt altar of Yredelemnul.
  4301 | D:3      | Found a snail-covered altar of Cheibriados.
  4444 | D:3      | Found an opulent altar of Gozag.
  4704 | D:3      | Killed pokeman's ghost
  4705 | D:3      | Reached skill level 1 in Stealth
  4705 | D:3      | Reached XP level 6. HP: 48/48 MP: 6/6
  4822 | D:4      | Found a shadowy altar of Dithmenos.
  4824 | D:4      | Found an ornate altar of the Wu Jian Council.
  4826 | D:4      | Noticed Sigmund
  5894 | D:4      | Identified the +5 hand axe of Qazlal's Benevolence {speed,
                  | rF+}
  6129 | D:4      | Noticed a spectral centipede
  6129 | D:4      | Noticed a spectral black mamba
  6129 | D:4      | Noticed a spectral cane toad
  6163 | D:4      | Killed Sigmund
  6164 | D:4      | Reached XP level 7. HP: 23/53 MP: 7/7
  6545 | D:4      | Gained mutation: You have supernaturally acute eyesight.
                  | (SInv) [potion of mutation]
  6593 | D:4      | Found a staircase to the Ecumenical Temple.
  6670 | D:4      | Noticed Ijyb
  6683 | D:4      | Killed Ijyb
  6684 | D:4      | Reached skill level 1 in Axes
  6803 | D:4      | Found a sparkling altar of Nemelex Xobeh.
  6912 | D:5      | Entered Level 5 of the Dungeon
  7100 | D:5      | Identified the +0 long sword "Huode" {vorpal, Contam +Blink
                  | rElec Dex+3}
  7119 | D:5      | Reached skill level 5 in Maces & Flails
  7651 | D:5      | Reached XP level 8. HP: 60/60 MP: 8/8
  7681 | D:5      | Reached skill level 5 in Armour
  7682 | D:5      | Reached skill level 1 in Long Blades
  7682 | D:5      | Reached skill level 1 in Polearms
  7809 | D:5      | Reached *** piety under Trog
  8381 | D:6      | Found a broken altar of Ashenzari.
 10253 | D:7      | HP: 3/61 [water moccasin (3)]
 10254 | D:7      | Succumbed to a water moccasin's poison

Illustrated notes

Levels and vault maps discovered:
D:1:      lightli_arrival_flooded_house, layout_loops_ring, serial_aquarium,
          aquarium_bridge_square [aquarium_subvault_bridge,
          aquarium_subvault_bridge, aquarium_subvault_wall,
          aquarium_subvault_wall], aquarium_window_corner, aquarium_window_1,
          aquarium_window_corner, aquarium_window_2, aquarium_view_2f,
          aquarium_balcony_double_1
D:2:      layout_loops_ring, shapermc_ecumenical_altar_totnotflames,
          amcnicky_mini_rare_corridor_liquid
D:3:      layout_loops_cross, lemuel_round_altar, nicolae_gozag_seed_capital,
          nicolae_overflow_hidden_temple, old_standard_altar,
          gammafunk_temple_overflow_claw, hellmonk_ghost_happy_afterlife
D:4:      layout_rooms, pdpol_wu_jian_five_deadly_venoms,
          overflow_temple_1_default, nicolae_dithmenos_shadow_blocks,
          minmay_temple_entry_waves, minmay_fractal_squares_diagonal_5,
          uniq_ijyb, uniq_sigmund
D:5:      layout_basic, minivault_24, hangedman_abyss_or_decor_stabs,
          hangedman_abyss_or_decor_stagger
D:6:      layout_gridville, amcnicky_altar_gilded
D:7:      layout_basic, marbit_many_paths, nrook_campfire, st_stairs_3,
          minmay_fractal_squares_gapless_5

Skill      XL: |  1  2  3  4  5  6  7  8 |
---------------+-------------------------+-----
Maces & Flails | 4 5 |  5.0
Staves         | 2 |  2.4
Armour         | 3 4 5 |  5.7
Stealth        | 1 |  1.3
Fighting       | 4 |  4.7
Axes           | 1 |  1.8
Long Blades    | 1 |  1.7
Polearms       | 4 |  4.0
Dodging        | 3 |  3.0

Action                   |  1- 3 |  4- 6 |  7- 9 || total
-------------------------+-------+-------+-------++-------
Melee: Mace              |    77 |    25 |       ||   102
       Quarterstaff      |       |    34 |       ||    34
       Flail             |       |    31 |       ||    31
       Hand axe          |       |    34 |       ||    34
       Long sword        |       |       |    36 ||    36
       Scythe            |       |       |   110 ||   110
Invok: Berserk           |     2 |     5 |     5 ||    12
  Use: Scroll            |       |     5 |     7 ||    12
       Potion            |       |     2 |     2 ||     4
 Stab: Sleeping          |     2 |       |       ||     2
Armor: Animal skin       |    13 |       |       ||    13
       Scale mail        |    23 |    59 |   115 ||   197
Dodge: Dodged            |    45 |    50 |   126 ||   221
       Rpst.: Long sword |       |       |     7 ||     7

Table legend: (Time is in decaauts)
 A = Elapsed time spent in this place.
 B = Non-inter-level travel time spent in this place.
 C = Inter-level travel time spent in this place.
 D = Time resting spent in this place.
 E = Time spent auto-exploring this place.
 F = Levels seen in this place.
 G = Mean time per level.
                   A        B        C        D        E       F      G
               +--------+--------+--------+--------+--------+-----+--------+
         Total |  10476 |  10035 |    441 |   4886 |   3593 |   7 | 1496.6 |
       Dungeon |  10476 |  10035 |    441 |   4886 |   3593 |   7 | 1496.6 |
               +--------+--------+--------+--------+--------+-----+--------+

Top non-repeatable levels by time:
     D:3: 2222 daAuts
     D:2: 2058 daAuts
     D:6: 1575 daAuts
     D:1: 1537 daAuts
     D:5: 1471 daAuts
     D:4: 1195 daAuts
     D:7: 415 daAuts
